 Dungeon Crawl Stone Soup version 0.31.0-11-ge490571c62 (webtiles) character file.

Game seed: 4519276495931608155

465 Skitler the Ducker (level 7, -3/56 HPs)
             Began as a Gnoll Gladiator on Jan 28, 2024.
             Slain by a gnoll
             ... wielding a +0 halberd
              (7 damage)
             ... on level 3 of the Dungeon.
             The game lasted 00:06:51 (2845 turns).

Skitler the Ducker (Gnoll Gladiator)                Turns: 2845, Time: 00:06:52

Health: -3/56      AC:  9    Str: 15    XL:     7   Next: 8%
Magic:  10/10      EV:  9    Int:  7    God:
Gold:   143        SH:  0    Dex: 14    Spells: 10/10 levels left

rFire   . . .        a - +0 trident
rCold   . . .        (no shield)
rNeg    . . .        n - +0 chain mail
rPois   .            c - +0 helmet
rElec   .            (no cloak)
rCorr   .            (no gloves)
SInv    +            (no boots)
Will    .....        (no amulet) Stlth
                     k - ring of see invisible
HPRegen 0.29/turn    (no ring)
MPRegen 0.12/turn

%: no passive effects
@: confused, mighty, lethally poisoned (-3 -> -11), weak-willed, ambrosia-drunk
A: fangs 1, strong nose, distributed training, see invisible, evolution 1
a: no special abilities


You were on level 3 of the Dungeon.
You visited 1 branch of the dungeon, and saw 3 of its levels.

You collected 143 gold pieces.

Inventory:

Hand Weapons
 a - a +0 trident (weapon)
Missiles
 d - 3 throwing nets
 e - 3 javelins
 l - 6 silver javelins (quivered)
Armour
 b - a +0 leather armour
 c - a +0 helmet (worn)
 n - a +0 chain mail (worn)
Jewellery
 k - a ring of see invisible (left hand)
Wands
 s - a wand of polymorph (8)
Scrolls
 g - 5 scrolls of identify {unknown}
 h - a scroll of blinking {unknown}
 i - a scroll of silence {unknown}
 j - 2 scrolls of immolation {unknown}
 o - a scroll of brand weapon {unknown}
 q - a scroll of teleportation {unknown}
 u - a scroll of fog {unknown}
Potions
 t - a potion of attraction {unknown}


   Skills:
 + Level 5.2 Fighting
 + Level 2.3 Short Blades
 + Level 2.3 Long Blades
 + Level 2.3 Axes
 + Level 2.3 Maces & Flails
 + Level 7.0 Polearms
 + Level 2.3 Staves
 + Level 2.3 Ranged Weapons
 + Level 5.2 Throwing
 + Level 2.3 Armour
 + Level 7.0 Dodging
 + Level 2.3 Stealth
 + Level 2.3 Shields
 + Level 2.3 Unarmed Combat
 + Level 2.3 Spellcasting
 + Level 1.9 Conjurations
 + Level 1.9 Hexes
 + Level 1.9 Summonings
 + Level 1.9 Necromancy
 + Level 1.9 Translocations
 + Level 1.9 Fire Magic
 + Level 1.9 Ice Magic
 + Level 1.9 Air Magic
 + Level 1.9 Earth Magic
 + Level 1.9 Alchemy
 + Level 2.6 Invocations
 + Level 2.3 Evocations
 + Level 2.1 Shapeshifting


You had 10 spell levels left.
You didn't know any spells.
Your spell library contained the following spells:

 Spells                   Type           Power      Damage    Failure   Level
 Slow                     Hex            12%        N/A       94%         1
 Confusing Touch          Hex            3%         N/A       100%        3
 Sigil of Binding         Hex            3%         N/A       100%        3
 Vampiric Draining        Necr           3%         2d6       100%        3
 Olgreb's Toxic Radiance  Alch           3%         N/A       100%        4
 Ozocubu's Refrigeration  Ice            1%         4d7       100%        7
 Discord                  Hex            1%         N/A       100%        8


Dungeon Overview and Level Annotations

Branches:
Dungeon (3/15)

Altars:
Makhleb
Uskayaw


Innate Abilities, Weirdness & Mutations

You have very sharp teeth.
Your uncanny sense of smell can sniff out nearby items.
Your experience applies equally to all skills.
You have supernaturally acute eyesight. (SInv)
You have hidden genetic potential.


Message History

* * * LOW HITPOINT WARNING * * *
You feel sick.
Things that are here:
a +0 sling; a hobgoblin corpse You feel sick.
The kobold barely misses you.
You feel sick.
The kobold throws a stone.
The stone misses you.
You feel sick.
You feel sick.
The kobold throws a stone.
The stone hits you.
* * * LOW HITPOINT WARNING * * *
Okay, then.
As you read the scroll labelled OPHUOW HADUMUH, it crumbles to dust.
A wave of despondency washes over your surroundings.
It was a scroll of vulnerability.
You feel sick.
You are no longer poisoned.
The kobold throws a poisoned dart.
The poisoned dart hits you!
You are lethally poisoned!
Okay, then.
It was a potion of mutation.
You feel extremely strange.
You feel a hidden potential growing inside you.
Your vision sharpens.
* * * LOW HITPOINT WARNING * * *
You feel sick.
The kobold throws a poisoned dart.
The poisoned dart hits you!
You are more poisoned.
Okay, then.
It was a potion of ambrosia.
You are confused.
You feel invigorated.
* * * LOW HITPOINT WARNING * * *
You feel very sick. The kobold hits you but does no damage.
It was a potion of might.
You feel very mighty all of a sudden.
* * * LOW HITPOINT WARNING * * *
You feel very sick. The kobold closely misses you.
The gnoll hits you from afar with a +0 halberd.
* * * LOW HITPOINT WARNING * * *
The kobold barely misses you.
The gnoll hits you from afar with a +0 halberd!
You die...

##### ########## ########...#
..)#.....## ##......#...#
.))'......###....K..#...#
####.......#.....K..##)##
...........#....@Kg.)).#
)).........'......ggK..#
)).........#.........).#
####.......#........##'#
...'......###.......#$$$#
...#.....## ##......#gK$#≈≈≈≈≈≈≈#
#####################$$$#≈≈≈≈≈≈≈#
≈≈≈≈≈≈≈≈≈≈≈≈≈≈≈≈≈≈≈≈#####≈≈≈≈≈≈≈#
≈≈≈≈~≈≈~≈≈~≈≈≈≈≈≈≈≈≈~≈≈≈≈≈≈≈≈≈≈≈#


You could see 3 gnolls and 4 kobolds.

Vanquished Creatures
  Sigmund (D:2)
  Terence (D:2)
  11 gnolls (D:3)
  4 adders
  3 dart slugs
  2 orcs (D:3)
  7 ball pythons
  3 endoplasms (D:1)
  3 giant cockroaches
  25 goblins
  34 hobgoblins
  6 jackals (D:1)
  4 quokkas
  5 bats
  3 frilled lizards
  7 kobolds
  5 rats
124 creatures vanquished.

Notes
Turn   | Place    | Note
-------+----------+-------------------------------------------
     0 | D:1      | Skitler the Gnoll Gladiator began the quest for the Orb.
     0 | D:1      | Reached XP level 1. HP: 20/20 MP: 1/1
   141 | D:1      | Reached XP level 2. HP: 22/26 MP: 2/2
   361 | D:1      | Reached XP level 3. HP: 27/31 MP: 3/3
   575 | D:1      | Reached skill level 1 in Invocations
   945 | D:2      | Reached skill level 1 in Short Blades
   945 | D:2      | Reached skill level 1 in Long Blades
   945 | D:2      | Reached skill level 1 in Axes
   945 | D:2      | Reached skill level 1 in Maces & Flails
   945 | D:2      | Reached skill level 1 in Staves
   945 | D:2      | Reached skill level 1 in Ranged Weapons
   945 | D:2      | Reached skill level 1 in Armour
   945 | D:2      | Reached skill level 1 in Stealth
   945 | D:2      | Reached skill level 1 in Shields
   945 | D:2      | Reached skill level 1 in Unarmed Combat
   945 | D:2      | Reached skill level 1 in Spellcasting
   945 | D:2      | Reached skill level 1 in Evocations
   991 | D:2      | Reached skill level 1 in Shapeshifting
   991 | D:2      | Reached XP level 4. HP: 38/38 MP: 5/5
  1038 | D:2      | Noticed Terence
  1057 | D:2      | Killed Terence
  1058 | D:2      | Reached skill level 1 in Conjurations
  1058 | D:2      | Reached skill level 1 in Hexes
  1058 | D:2      | Reached skill level 1 in Summonings
  1058 | D:2      | Reached skill level 1 in Necromancy
  1058 | D:2      | Reached skill level 1 in Translocations
  1058 | D:2      | Reached skill level 1 in Fire Magic
  1058 | D:2      | Reached skill level 1 in Ice Magic
  1058 | D:2      | Reached skill level 1 in Air Magic
  1058 | D:2      | Reached skill level 1 in Earth Magic
  1058 | D:2      | Reached skill level 1 in Alchemy
  1144 | D:2      | Noticed Sigmund
  1146 | D:2      | Killed Sigmund
  1147 | D:2      | Reached XP level 5. HP: 43/43 MP: 5/7
  1147 | D:2      | Reached XP level 6. HP: 50/50 MP: 5/8
  1422 | D:3      | Found a faded altar of an unknown god.
  1463 | D:3      | Reached skill level 5 in Fighting
  1463 | D:3      | Reached skill level 5 in Throwing
  1520 | D:3      | Found a burning altar of Makhleb.
  1625 | D:3      | Found a hide-covered altar of Uskayaw.
  2631 | D:3      | Reached XP level 7. HP: 53/56 MP: 10/10
  2843 | D:3      | Gained mutation: You have hidden genetic potential. [potion
                  | of mutation]
  2843 | D:3      | Gained mutation: You have supernaturally acute eyesight.
                  | (SInv) [potion of mutation]
  2845 | D:3      | Slain by a gnoll

Illustrated notes

Levels and vault maps discovered:
D:1:      lightli_arrival_windingriver, layout_basic
D:2:      layout_rooms, uniq_terence, uniq_sigmund
D:3:      minmay_goblin_kobold_castle, layout_loops_ring,
          chequers_temple_overflow_statue_of_worship, gammafunk_ghost_smash,
          dreamdust_ecumenical_altar_grove, grunt_ministairs_2

Skill      XL: |  1  2  3  4  5  6  7 |
---------------+----------------------+-----
Invocations    | 1 2 |  2.6
Short Blades   | 1 2 |  2.3
Long Blades    | 1 2 |  2.3
Axes           | 1 2 |  2.3
Maces & Flails | 1 2 |  2.3
Staves         | 1 2 |  2.3
Ranged Weapons | 1 2 |  2.3
Armour         | 1 2 |  2.3
Stealth        | 1 2 |  2.3
Shields        | 1 2 |  2.3
Unarmed Combat | 1 2 |  2.3
Spellcasting   | 1 2 |  2.3
Evocations     | 1 2 |  2.3
Shapeshifting  | 1 2 |  2.1
Conjurations   | 1 |  1.9
Hexes          | 1 |  1.9
Summonings     | 1 |  1.9
Necromancy     | 1 |  1.9
Translocations | 1 |  1.9
Fire Magic     | 1 |  1.9
Ice Magic      | 1 |  1.9
Air Magic      | 1 |  1.9
Earth Magic    | 1 |  1.9
Alchemy        | 1 |  1.9
Fighting       | 5 |  5.2
Throwing       | 5 |  5.2
Polearms       | 7 |  7.0
Dodging        | 7 |  7.0

Action                     |  1- 3 |  4- 6 |  7- 9 || total
---------------------------+-------+-------+-------++-------
  Melee: Trident           |    92 |   220 |    46 ||   358
         Bite              |     3 |    26 |     3 ||    32
         Punch             |       |     2 |     1 ||     3
  Throw: Javelin           |     1 |     3 |       ||     4
    Use: Potion            |       |       |     3 ||     3
         Scroll            |       |       |     1 ||     1
   Stab: Sleeping          |     2 |     1 |       ||     3
 Armour: Leather armour    |    26 |     5 |       ||    31
         Chain mail        |       |   167 |    58 ||   225
  Dodge: Dodged            |    50 |    89 |    29 ||   168
